 Dungeon Crawl Stone Soup version 0.30-a0-305-g026cb31310 (webtiles) character file.

Game seed: 13558997267605425830

74 blackman the Sneak (level 4, -6/35 HPs)
             Began as a Human Delver on Oct 22, 2022.
             Mangled by an iguana (10 damage)
             ... on level 6 of the Dungeon.
             The game lasted 00:02:35 (276 turns).

blackman the Sneak (Human Delver)                    Turns: 276, Time: 00:02:36

Health: -6/35      AC:  3    Str: 12    XL:     4   Next: 54%
Magic:  4/4        EV: 12    Int: 10    God:
Gold:   38         SH:  0    Dex: 23    Spells: 3/3 levels left

rFire   . . .      SeeInvis .    d - +10 hand axe of the Final Chapter {holy, rElec Dex+6 Stlth-}
rCold   . . .      Faith    .    (no shield)
rNeg    . . .      Spirit   .    b - +0 leather armour
rPois   .          Reflect  .    (no helmet)
rElec   +          Harm     .    (no cloak)
rCorr   .          Rampage  .    (no gloves)
Will    .....                    (no boots)
Stlth   ++........               (no amulet)
HPRegen 0.25/turn                (no ring)
MPRegen 0.09/turn                (no ring)

@: no status effects
A: no striking features
a: no special abilities


You were on level 6 of the Dungeon.
You visited 1 branch of the dungeon, and saw 2 of its levels.

You collected 38 gold pieces.

Inventory:

Hand Weapons
 a - a +0 falchion
 d - the +10 hand axe of the Final Chapter (weapon) {holy, rElec Dex+6 Stlth-}
   (You found it on level 6 of the Dungeon)

   It has been blessed by the Shining One to cause great damage to the undead
   and demons.
   Dex:       It affects your dexterity (+6).
   rElec:     It insulates you from electricity.
   Stlth:     It makes you less stealthy.
 h - a +0 quick blade
Armour
 b - a +0 leather armour (worn)
Wands
 g - a wand of digging (2)
Scrolls
 c - a scroll of fog


   Skills:
 - Level 3.0 Fighting
 + Level 4.4 Long Blades
 - Level 2.0 Dodging
 - Level 5.0 Stealth


You had 3 spell levels left.
You didn't know any spells.
Your spell library was empty.

Dungeon Overview and Level Annotations

Branches:
Dungeon (6/15)
 Temple: D:4-7

Altars:
Ashenzari


Message History

A silver wall.
Unknown command.
Unknown command.
Found a leather armour.
You see here a +0 leather armour.
Found a lumpy ruby potion.
Found a scroll labelled LOT SOSTRICISA.
You see here a lumpy ruby potion.
e - a lumpy ruby potion You see here a scroll labelled LOT SOSTRICISA.
f - a scroll labelled LOT SOSTRICISA
Found a falchion.
Found 12 gold pieces.
You see here 12 gold pieces.
You see here 12 gold pieces.
You now have 38 gold pieces (gained 12).
Found 5 stones.
Autopickup is now on.
A black bear comes into view.
Found 9 stones.
The black bear growls angrily.
As you read the scroll labelled LOT SOSTRICISA, it crumbles to dust.
You hear a loud clanging noise!
It was a scroll of noise.
You hear a roar!
You hear a shout! x2
It was a potion of cancellation.
You feel magically purged.
An acid dragon comes into view.
The acid dragon spits acid at you. The splash of acid hits you!!
Ouch! That really hurt!
* * * LOW HITPOINT WARNING * * *
Found 17 gold pieces.
An iguana comes into view.
Found a stone staircase leading down.
The iguana hisses angrily.
Found a potion of haste.
The iguana bites you!
* * * LOW HITPOINT WARNING * * *
The iguana bites you!
You die...

###### .....##
......##################*
#...$....D..............*
#.##.###########.######!#***
*,*#.# #h........,,* *,*#.#
#l.#####.**,* ,,*#.#
#@........,,** ####.#
#.........,,,* .....#
###****#>...###.#*,,* .#####
#..,,,,.....# *,**,,* .#
#.#***###.#.# *,**,,* .# #.#
*####.#.#**,**,,* .#
#.###........,,,,,,,***** .#
#.#....**##*##**,,,,,,,,, .#
#.#..#**,,**,,,**,,,*****


You could see a black bear and an iguana.

Vanquished Creatures
  A phantom (D:6)
1 creature vanquished.

Notes
Turn   | Place    | Note
-------+----------+-------------------------------------------
     0 | D:5      | blackman the Human Delver began the quest for the Orb.
     0 | D:5      | Reached XP level 1. HP: 18/18 MP: 1/1
    25 | D:5      | Noticed an ogre
    88 | D:5      | Noticed a scorpion
   135 | D:6      | Found a broken altar of Ashenzari.
   138 | D:6      | Noticed a sky beast
   145 | D:6      | Noticed a phantom
   172 | D:6      | Identified the +10 hand axe of the Final Chapter {holy,
                  | rElec Dex+6 Stlth-}
   181 | D:6      | Killed a phantom
   182 | D:6      | Reached XP level 2. HP: 20/24 MP: 2/2
   182 | D:6      | Reached XP level 3. HP: 25/29 MP: 3/3
   182 | D:6      | Reached XP level 4. HP: 30/35 MP: 4/4
   187 | D:6      | Noticed an ogre
   234 | D:6      | Noticed a black bear
   237 | D:6      | Noticed an acid dragon
   276 | D:6      | Mangled by an iguana

Illustrated notes

Levels and vault maps discovered:
D:5:      layout_cave_pods, lemuel_round_altar, lemuel_crystal_altar,
          nzn_wu_jian_council_hall, minmay_temple_entry_gardened_gates
D:6:      layout_loops_ring, grunt_temple_overflow_gold_and_silver,
          nicolae_ashenzari_panopticon, nicolae_uskayaw_en_pointe,
          nicolae_elemental_shop

Skill      XL: |  1 |
---------------+----+-----
Long Blades    | 4 |  4.4
Fighting       | |  3.0
Dodging        | |  2.0
Stealth        | |  5.0

Action                   |  1- 3 |  4- 6 || total
-------------------------+-------+-------++-------
Melee: Hand axe          |     2 |       ||     2
Evoke: Wand              |     1 |       ||     1
  Use: Scroll            |     2 |     1 ||     3
       Potion            |     1 |     1 ||     2

Table legend: (Time is in decaauts)
 A = Elapsed time spent in this place.
 B = Non-inter-level travel time spent in this place.
 C = Inter-level travel time spent in this place.
 D = Time resting spent in this place.
 E = Time spent auto-exploring this place.
 F = Levels seen in this place.
 G = Mean time per level.
                   A        B        C        D        E       F      G
               +--------+--------+--------+--------+--------+-----+--------+
         Total |    261 |    225 |     36 |      0 |     39 |   2 |  130.5 |
       Dungeon |    261 |    225 |     36 |      0 |     39 |   2 |  130.5 |
               +--------+--------+--------+--------+--------+-----+--------+

Top non-repeatable levels by time:
     D:5: 131 daAuts
     D:6: 130 daAuts
